 Dungeon Crawl Stone Soup version 0.31-a0-978-g1e143483b6 (webtiles) character file.

Game seed: 11342771836428927906

4061 sammy202020 the Protected (level 10, -12/141 HPs)
             Began as an Armataur Berserker on Oct 31, 2023.
             Was an Elder of Trog.
             Mangled by Gormless's ghost (14 damage)
             ... on level 7 of the Dungeon.
             The game lasted 00:12:29 (7318 turns).

sammy202020 the Protected (Armataur Berserker)      Turns: 7318, Time: 00:12:30

Health: -12/141    AC: 25    Str: 24    XL:     10   Next: 5%
Magic:  10/10      EV:  6    Int: 13    God:    Trog [****..]
Gold:   1098       SH:  5    Dex: 10    Spells: 9/9 levels left

rFire   . . .        g - +6 flail (protect)
rCold   + . .        (no shield)
rNeg    . . .        h - +1 plate armour
rPois   .            z - +2 helmet {Int+3}
rElec   .            (no cloak)
rCorr   +            s - +0 pair of gloves
SInv    .            (no barding)
Will    .....        a - amulet of reflection Stlth
                     p - ring of protection from cold
HPRegen 0.43/turn    q - ring of resist corrosion
MPRegen 0.12/turn

%: reflection, roll
@: berserking, under a protective aura, very quick
A: large, rugged brown scales 3, deformed body, armoured tail, roll, long
tongue, awkward tongue
a: Renounce Religion, Berserk, Trog's Hand, Brothers in Arms


You were on level 7 of the Dungeon.
You worshipped Trog.
Trog was greatly pleased with you.
You visited 1 branch of the dungeon, and saw 7 of its levels.
You also visited: Sewer.

You collected 1330 gold pieces.
You spent 232 gold pieces at shops.

Inventory:

Hand Weapons
 b - a +0 flail
 g - a +6 flail of protection (weapon)
 u - a +0 morningstar
Armour
 d - a +2 robe of resistance
 h - a +1 plate armour (worn)
 s - a +0 pair of gloves (worn)
 z - a +2 helmet of intelligence (worn)
Jewellery
 a - an amulet of reflection (around neck)
 l - an amulet of guardian spirit
 p - a ring of protection from cold (left hand)
 q - a ring of resist corrosion (right hand)
Wands
 t - a wand of roots (10)
 w - a wand of flame (24)
 x - a wand of acid (10)
 B - a wand of mindburst (9)
Scrolls
 f - 5 scrolls of teleportation
 v - a scroll of enchant armour
 y - a scroll of noise {unknown}
 A - a scroll of revelation {unknown}
Potions
 c - 3 potions of might
 e - a potion of berserk rage
 i - a potion of lignification {unknown}
 j - a potion of haste {unknown}
 k - a potion of resistance {unknown}
 m - 3 potions of invisibility {unknown}
 n - 2 potions of heal wounds {unknown}
 o - 2 potions of curing {unknown}
 r - a potion of attraction {unknown}


   Skills:
 * Level 7.7 Fighting
 * Level 7.6 Maces & Flails
 * Level 9.5 Armour
 + Level 4.4 Dodging


You had 9 spell levels left.
You didn't know any spells.
Your spell library was empty.

Dungeon Overview and Level Annotations

Branches:
Dungeon (7/15)             Temple (0/1) D:7           Sewer (visited)

Altars:
Nemelex Xobeh
Okawaru
Trog
Wu Jian
Zin
The Shining One

Shops:
D:2 (   D:7 [

Annotations:
D:7 1 runed translucent door, Crazy Yiuf; Gormless's ghost, novice FeCK


Innate Abilities, Weirdness & Mutations

You are completely covered in rugged brown scales. (AC +3, +7% HP)
Armour fits poorly on your strangely shaped body.
You have a long armoured tail.
You roll when moving toward enemies. (Rampage)
Your long tongue fully drains potion bottles. (2x potion effects)
Your tongue gives you trouble enunciating. (1.5x scroll delay)


Message History

Gormless's ghost hits you!
* * * LOW HITPOINT WARNING * * *
You miss Gormless's ghost.
Gormless's ghost is lightly damaged.
You completely miss Gormless's ghost.
Gormless's ghost is lightly damaged.
You block Gormless's ghost's attack.
You barely miss Gormless's ghost.
Gormless's ghost is lightly damaged.
You completely miss Gormless's ghost.
Gormless's ghost is lightly damaged.
You block Gormless's ghost's attack.
You completely miss Gormless's ghost.
Gormless's ghost is lightly damaged.
Gormless's ghost hits you!
* * * LOW HITPOINT WARNING * * *
You completely miss Gormless's ghost.
Gormless's ghost is lightly damaged.
Gormless's ghost hits you but does no damage.
You closely miss Gormless's ghost.
Your tail-slap misses Gormless's ghost.
Gormless's ghost is lightly damaged.
You miss Gormless's ghost.
Gormless's ghost is lightly damaged.
Gormless's ghost hits you!
* * * LOW HITPOINT WARNING * * *
You barely miss Gormless's ghost.
Gormless's ghost is lightly damaged.
Gormless's ghost hits you.
* * * LOW HITPOINT WARNING * * *
You thump Gormless's ghost!
Your weapon exudes an aura of protection.
Gormless's ghost is severely damaged.
You barely miss Gormless's ghost.
Gormless's ghost is severely damaged.
Gormless's ghost hits you!
* * * LOW HITPOINT WARNING * * *
You completely miss Gormless's ghost.
Gormless's ghost is severely damaged.
Gormless's ghost hits you!
You die...

...###.####.##
########........#
.....#'# #.# #####
##......## .......#
#.###~#.### ####.###
......## #.#.#.≈$.$##
#.# ......#
####≈.~§.#≈# #.#
)....##
##..#.⌠..######.#
.....#
#~....~.##......#
....##
###W'###########
....######## #..@...#
...###.....###......#
##.# #.###........###
.#.###.###.########
.........#.#
######.#.#.# ..#
#.....# ..# ###.###
..# #.#


You could see Gormless's ghost.

Vanquished Creatures
  Pikel (D:4)
  Joseph (D:7)
  Grinder (Sewer)
  Prince Ribbit (D:7)
  A steam dragon (D:7)
  Edmund (D:4)
  An orc warrior (D:7)
  An ice beast (D:5)
  2 sky beasts (D:6)
  A black bear (D:6)
  An ogre (D:5)
  3 centaurs
  A lemure (D:4)
  4 kobold brigands
  6 scorpions
  5 wights (D:6)
  3 killer bees (D:7)
  2 quasits (Sewer)
  3 hounds
  4 orc priests
  A gnoll bouda (D:7)
  An iguana (D:5)
  3 orc wizards
  Natasha (twice) (D:2)
  7 gnolls
  12 adders
  4 river rats (D:4)
  4 shadow imps
  A white imp (D:6)
  An adder zombie (Sewer)
  5 worms
  21 orcs
  11 bats
  11 endoplasms
  6 giant cockroaches
  16 goblins
  8 hobgoblins
  3 jackals (D:2)
  19 kobolds
  4 quokkas
  5 ball pythons
  2 frilled lizards
  9 rats
199 creatures vanquished.

Vanquished Creatures (others)
  An adder zombie (Sewer)
  An endoplasm (Sewer)
  A kobold (Sewer)
3 creatures vanquished.

Grand Total: 202 creatures vanquished

Notes
Turn   | Place    | Note
-------+----------+-------------------------------------------
     0 | D:1      | sammy202020 the Armataur Berserker began the quest for the
                  | Orb.
     0 | D:1      | Reached XP level 1. HP: 19/19 MP: 1/1
   166 | D:1      | Reached XP level 2. HP: 24/26 MP: 2/2
   377 | D:1      | Reached skill level 3 in Armour
   636 | D:2      | Noticed Natasha
   642 | D:2      | Killed Natasha
   643 | D:2      | Reached XP level 3. HP: 20/33 MP: 3/3
   781 | D:2      | Reached ** piety under Trog
  1078 | D:2      | Reached XP level 4. HP: 40/40 MP: 4/4
  1165 | D:2      | Noticed Natasha
  1172 | D:2      | Killed Natasha
  1527 | D:2      | Found Zics's Antique Weapon Emporium.
  1900 | D:3      | Reached XP level 5. HP: 29/49 MP: 5/5
  1903 | D:3      | Reached skill level 4 in Armour
  2767 | D:4      | Reached *** piety under Trog
  2799 | D:4      | Found a glowing drain.
  2807 | Sewer    | Entered a sewer
  2928 | Sewer    | Reached XP level 6. HP: 51/55 MP: 6/6
  3025 | Sewer    | Found a burning altar of Makhleb.
  3080 | Sewer    | Noticed Grinder
  3097 | Sewer    | Paralysed by Grinder for 2 turns
  3102 | Sewer    | Killed Grinder
  3103 | Sewer    | Reached skill level 5 in Armour
  3103 | Sewer    | Reached XP level 7. HP: 24/64 MP: 7/7
  3336 | Sewer    | Identified a scroll of acquirement
  3336 | Sewer    | Acquired 799 gold pieces
  3461 | D:4      | Noticed Edmund
  3471 | D:4      | Killed Edmund
  3752 | D:4      | Noticed Pikel
  3763 | D:4      | Killed Pikel
  3764 | D:4      | Reached skill level 5 in Fighting
  3764 | D:4      | Reached skill level 5 in Maces & Flails
  3764 | D:4      | Reached skill level 6 in Armour
  3764 | D:4      | Reached XP level 8. HP: 38/73 MP: 8/8
  4119 | D:4      | Reached **** piety under Trog
  4235 | D:4      | Found a sparkling altar of Nemelex Xobeh.
  4249 | D:4      | Found an iron altar of Okawaru.
  4377 | D:5      | Entered Level 5 of the Dungeon
  4470 | D:5      | Reached skill level 7 in Armour
  5006 | D:6      | Reached XP level 9. HP: 55/76 MP: 9/9
  5012 | D:6      | Reached skill level 8 in Armour
  5540 | D:6      | Found a bloodstained altar of Trog.
  5582 | D:6      | Found an ornate altar of the Wu Jian Council.
  5599 | D:6      | Found a glowing golden altar of the Shining One.
  6204 | D:7      | Found Qyoffimn's Antique Armour Shop.
  6215 | D:7      | Bought a glowing helmet for 232 gold pieces
  6598 | D:7      | Found a glowing silver altar of Zin.
  6600 | D:7      | Noticed Prince Ribbit
  6606 | D:7      | Reached skill level 9 in Armour
  6615 | D:7      | Killed Prince Ribbit
  6673 | D:7      | Noticed Joseph
  6683 | D:7      | Killed Joseph
  6866 | D:7      | Found a staircase to the Ecumenical Temple.
  6876 | D:7      | Reached XP level 10. HP: 94/94 MP: 10/10
  6960 | D:7      | Found a runed translucent door.
  6961 | D:7      | Noticed Crazy Yiuf
  7123 | D:7      | Found a large runed translucent door.
  7123 | D:7      | Found a large runed translucent door.
  7125 | D:7      | Noticed Gormless's ghost (novice FeCK)
  7201 | D:7      | Reached ***** piety under Trog
  7317 | D:7      | HP: 1/141 [Gormless's ghost (17)]
  7318 | D:7      | Mangled by Gormless's ghost

Illustrated notes

Levels and vault maps discovered:
D:1:      roderic_dead_forest, layout_rooms, minmay_pentomino_o4
D:2:      layout_basic, serial_shops, nicolae_shop_real_fake_doors, uniq_natasha
D:3:      layout_basic, skrybe_limestone_x, nicolae_houndstooth_variations
D:4:      layout_basic, minitemple, lightli_sewer_entry_pipes, corner_web_ring,
          minmay_goblin_outpost, uniq_edmund, uniq_pikel
D:5:      layout_cave_pools
D:6:      layout_basic, mainiacjoe_overflow_catwalk_spiral,
          nicolae_overflow_hidden_temple, roderic_roman_lattice
D:7:      minmay_skewed_foursquare, layout_loops_cross, amcnicky_altar_gilded,
          minmay_temple_entry_mist, ebering_ghost_disaster_area, serial_shops,
          nicolae_shop_dealshenge, uniq_crazy_yiuf_cottage, uniq_prince_ribbit1,
          uniq_joseph

Skill      XL: |  1  2  3  4  5  6  7  8  9 |
---------------+----------------------------+-----
Fighting       | 3 4 5 6 7 |  7.7
Maces & Flails | 3 4 5 6 7 |  7.6
Armour         | 3 4 5 6 7 9 |  9.5
Dodging        | 2 3 4 |  4.4

Action                     |  1- 3 |  4- 6 |  7- 9 | 10-12 || total
---------------------------+-------+-------+-------+-------++-------
  Melee: Mace              |    83 |    58 |       |       ||   141
         Tailslap          |     8 |    23 |    33 |     5 ||    69
         Flail             |       |   146 |   272 |    43 ||   461
         Punch             |       |     3 |     2 |       ||     5
 Invoke: Berserk           |       |     4 |     5 |     1 ||    10
         Trog's Hand       |       |       |     1 |       ||     1
    Use: Scroll            |     3 |     1 |     5 |       ||     9
   Stab: Sleeping          |     1 |       |       |       ||     1
 Armour: Animal skin       |     7 |       |       |       ||     7
         Robe              |    50 |    86 |       |       ||   136
         Plate armour      |       |   121 |   276 |    31 ||   428
  Dodge: Dodged            |    38 |   104 |    77 |     6 ||   225
  Block: Other             |       |    41 |    64 |     5 ||   110
         Reflection        |       |     2 |     2 |       ||     4

Table legend: (Time is in decaauts)
 A = Elapsed time spent in this place.
 B = Non-inter-level travel time spent in this place.
 C = Inter-level travel time spent in this place.
 D = Time resting spent in this place.
 E = Time spent auto-exploring this place.
 F = Levels seen in this place.
 G = Mean time per level.
                   A        B        C        D        E       F      G
               +--------+--------+--------+--------+--------+-----+--------+
         Total |   7489 |   7298 |    191 |   1006 |   4805 |   8 |  936.1 |
       Dungeon |   6850 |   6659 |    191 |    750 |   4609 |   7 |  978.6 |
         Sewer |    639 |    639 |      0 |    255 |    196 |   1 |  639.0 |
               +--------+--------+--------+--------+--------+-----+--------+

Top non-repeatable levels by time:
     D:7: 1391 daAuts
     D:2: 1109 daAuts
     D:4: 1085 daAuts
     D:6: 1034 daAuts
     D:3: 1021 daAuts
     D:1: 648 daAuts
   Sewer: 639 daAuts
     D:5: 559 daAuts
